 Dungeon Crawl Stone Soup version 0.20-a0-548-gad3071d (webtiles) character file.

30642 DeadSaracen the Fencer (level 13, -1/116 HPs)
             Began as a Minotaur Gladiator on Jan 1, 2017.
             Was a High Priest of Ieoh Jian.
             Slain by a 12-headed hydra (2 damage)
             ... on level 4 of the Lair of Beasts.
             The game lasted 02:28:00 (16086 turns).

DeadSaracen the Fencer (Minotaur Gladiator)        Turns: 16086, Time: 02:28:00

Health: -1/116     AC: 17    Str: 24    XL:     13   Next: 21%
Magic:  16/16      EV:  2    Int:  5    God:    Ieoh Jian [*****.]
Gold:   764        SH:  0    Dex: 14    Spells: 9/12 levels left

rFire  . . .     SeeInvis +     N - +7 falchion (holy)
rCold  + . .     Gourm    .     C - +2 scale mail {rC+}
rNeg   + + +     Faith    .     e - +0 buckler
rPois  ∞         Spirit   .     W - +2 hat {SInv}
rElec  .         Reflect  .     X - +0 cloak
rCorr  .         Harm     .     P - +2 pair of gloves
MR     .....                    q - +0 pair of boots
Stlth  ..........               v - amulet of rage
                                m - +2 ring of dexterity
                                H - +3 ring of evasion

@: petrified, being watched over by the Council
A: retaliatory headbutt, horns 2
a: Recall Weapon, Project Weapon, Renounce Religion, Evoke Berserk Rage


You were on level 4 of the Lair of Beasts.
You worshipped Ieoh Jian.
Ieoh Jian was extremely pleased with you.
You were full.

You visited 3 branches of the dungeon, and saw 17 of its levels.
You also visited: Volcano.

You collected 764 gold pieces.

Inventory:

Hand Weapons
 N - a +7 falchion of holy wrath (weapon)
 V - the +4 arc blade {discharge, rElec}
   (You found it on level 8 of the Dungeon)

   It insulates you from electricity.
Missiles
 d - 3 throwing nets
 r - 13 javelins (quivered)
 x - 4 tomahawks of returning
Armour
 e - a +0 buckler (worn)
 q - a +0 pair of boots (worn)
 C - a +2 scale mail of cold resistance (worn)
 P - a +2 pair of gloves (worn)
 S - +0 gold dragon scales
 W - a +2 hat of see invisible (worn)
 X - a +0 cloak (worn)
Rods
 G - a +3 lightning rod (12/12)
   (You found it on level 10 of the Dungeon)
Jewellery
 l - an uncursed ring of protection from fire
 m - a +2 ring of dexterity (right hand)
 t - an uncursed ring of fire
 v - an amulet of rage (around neck)
 H - a +3 ring of evasion (left hand)
Wands
 y - a wand of iceblast (6/15)
 E - a wand of confusion (38/48)
 F - a wand of slowing (48/48)
 I - a wand of lightning (5/15)
 Z - a wand of paralysis (10/24)
Scrolls
 g - 11 scrolls of remove curse
 j - 12 scrolls of teleportation
 o - a scroll of magic mapping
 w - 3 scrolls of recharging
 B - a scroll of fog {unknown}
 J - 3 scrolls of identify
 K - a scroll of brand weapon {unknown}
 M - a scroll of random uselessness {unknown}
 O - a scroll of summoning
 T - 2 scrolls of blinking
 Y - 3 scrolls of amnesia
Potions
 b - a potion of mutation {unknown}
 c - 3 potions of degeneration {unknown}
 h - 2 potions of haste {unknown}
 i - 4 potions of might
 n - 2 potions of lignification {unknown}
 p - 3 potions of curing
 s - a potion of ambrosia
 u - 3 potions of brilliance {unknown}
 z - 2 potions of cure mutation {unknown}
 D - a potion of berserk rage {unknown}
 R - a potion of cancellation {unknown}
 U - a potion of flight {unknown}
Books
 Q - a book of Minor Magic

   Spells                             Type                      Level
   a - Magic Dart                     Conjuration                  1
   b - Blink                          Translocation                2
   c - Call Imp                       Summoning                    2
   d - Repel Missiles                 Charms/Air                   2
   e - Slow                           Hexes                        2
   f - Conjure Flame                  Conjuration/Fire             3
   g - Mephitic Cloud                 Conjuration/Poison/Air       3
Comestibles
 a - 3 chunks of flesh
 f - 9 bread rations
 k - 4 beef jerkies
 A - 28 fruits
 L - 10 royal jellies


   Skills:
 + Level 11.2 Fighting
 * Level 18.0 Long Blades
 - Level 2.0 Throwing
 + Level 5.1 Armour
 - Level 9.9 Dodging
 - Level 4.0 Shields
 - Level 5.9 Invocations
 - Level 5.6 Evocations


You had 9 spell levels left.
You knew the following spells:

 Your Spells              Type           Power        Failure   Level  Hunger
a - Regeneration          Chrm/Necr      #.........   100%        3    ####...


Dungeon Overview and Level Annotations

Branches:
Dungeon (12/15)            Temple (1/1) D:7            Lair (4/6) D:11
 Spider (0/4) Lair:3          Orc (0/2) D:12
  Swamp: Lair:2-4    Shoals: Lair:2-4

Altars:
Ashenzari
Cheibriados
Dithmenos
Elyvilon
Fedhas
Gozag
Hepliaklqana Ieoh Jian
Kikubaaqudgha
Makhleb
Nemelex Xobeh
Okawaru
Qazlal
Ru
Sif Muna
Trog
Uskayaw
Vehumet
Xom
Yredelemnul
Zin
The Shining One


Innate Abilities, Weirdness & Mutations

You reflexively headbutt those who attack you in melee.
You have a pair of horns on your head.


Message History

The 12-headed hydra bites you.
* * * LOW HITPOINT WARNING * * *
The 12-headed hydra bites you.
* * * LOW HITPOINT WARNING * * *
The 12-headed hydra completely misses you.
The 12-headed hydra bites you but does no damage. x3
The 12-headed hydra bites you.
* * * LOW HITPOINT WARNING * * *
The 12-headed hydra bites you but does no damage.
The 12-headed hydra bites you!
* * * LOW HITPOINT WARNING * * *
The 12-headed hydra bites you!
* * * LOW HITPOINT WARNING * * *
The 12-headed hydra bites you!
* * * LOW HITPOINT WARNING * * *
The 12-headed hydra bites you!
* * * LOW HITPOINT WARNING * * *
The 12-headed hydra bites you but does no damage.
The 12-headed hydra bites you.
You die...

.....######....#
...#. ####.....#
.. . .........##
. . ...........#
.. ......##..##
.....# #..##
..... ##..#
.(l..###..##
...(...##@#
........D{#
........l.#
.....#.#### ....
## ###


You could see a 12-headed hydra, a basilisk and a friendly +7 dagger of
piercing.

Vanquished Creatures
  Gastronok (Lair:1)
  A centaur warrior (Volcano)
  A two-headed ogre (D:9)
  A hell knight (Volcano)
  2 unseen horrors (D:12)
  A lindwurm (Lair:2)
  An obsidian statue (Volcano)
  Pikel (D:5)
  A harpy (D:12)
  A manticore (D:12)
  An ugly thing (D:8)
  2 cyclopes (D:12)
  Joseph (D:7)
  2 black mambas
  A gargoyle (D:10)
  3 rime drakes
  3 spiny frogs
  A queen bee (D:9)
  4 jumping spiders (Lair:3)
  6 polar bears (Lair:3)
  The ghost of DeadSaracen the Poker, an amateur HuMo (D:4)
  Prince Ribbit (D:8)
  3 hippogriffs
  2 redbacks (Lair:3)
  3 wyverns
  13 yaks
  6 fire bats (Volcano)
  A wraith (D:11)
  Grum (Lair:1)
  2 hungry ghosts
  2 basilisks
  3 vampire mosquitoes (D:11)
  Menkaure (D:7)
  2 wargs
  4 water moccasins
  2 porcupines
  Duvessa (D:4)
  11 orc warriors
  A black bear (D:9)
  3 slaves (D:5)
  3 ice beasts
  3 phantoms
  6 sky beasts
  A hornet zombie (D:7)
  4 ogres
  11 centaurs
  14 wolves
  7 crocodiles
  Blork the orc (D:4)
  18 bullfrogs
  A gnoll sergeant (D:9)
  2 big kobolds
  Dowan (D:4)
  7 scorpions
  21 killer bees
  6 wights
  A vampire bat (D:4)
  5 lava snakes (Volcano)
  7 crimson imps
  3 jellies
  3 bullfrog zombies
  13 orc priests
  2 centaur skeletons
  A centaur zombie (D:9)
  A gnoll shaman (D:6)
  7 hounds
  16 orc wizards
  4 bullfrog skeletons
  Terence (D:3)
  3 iguanas
  9 worker ants
  A killer bee zombie (D:7)
  A howler monkey zombie (D:5)
  A worker ant zombie (D:9)
  14 gnolls
  13 adders
  A shadow imp (D:8)
  2 oozes
  An adder skeleton (D:4)
  An adder zombie (D:6)
  6 dart slugs
  3 leopard geckos
  58 orcs
  2 bat skeletons (D:4)
  4 bat zombies (D:4)
  4 giant cockroaches
  12 goblins
  8 hobgoblins
  15 jackals
  4 quokkas
  A ball python (D:6)
  2 bats (D:3)
  5 frilled lizards
  A jackal skeleton (D:4)
  22 kobolds
  6 rats
  A plant (Lair:1)
469 creatures vanquished.

Vanquished Creatures (others)
  The ghost of TwoGrow the Carver, a journeyman DsMo of Ieoh Jian (Volcano)
  44 flying weapons
  2 orcs
47 creatures vanquished.

Grand Total: 516 creatures vanquished

Notes
Turn   | Place    | Note
-------+----------+-------------------------------------------
     0 | D:1      | DeadSaracen the Minotaur Gladiator began the quest for the Orb.
     0 | D:1      | Reached XP level 1. HP: 18/18 MP: 0/0
   712 | D:1      | Reached skill level 1 in Armour
   725 | D:1      | Reached skill level 4 in Long Blades
   725 | D:1      | Reached XP level 2. HP: 25/25 MP: 1/1
   948 | D:2      | Reached skill level 1 in Shields
  1034 | D:2      | Found a snail-covered altar of Cheibriados.
  1037 | D:2      | Found a glowing golden altar of the Shining One.
  1043 | D:2      | Reached XP level 3. HP: 26/30 MP: 2/2
  1052 | D:2      | Found a blossoming altar of Fedhas.
  1390 | D:2      | Reached XP level 4. HP: 35/37 MP: 3/3
  1717 | D:3      | Reached skill level 5 in Long Blades
  1952 | D:3      | Reached XP level 5. HP: 39/42 MP: 4/4
  2310 | D:3      | Noticed Terence
  2320 | D:3      | Killed Terence
  2669 | D:4      | Reached skill level 6 in Long Blades
  2708 | D:4      | Reached skill level 1 in Evocations
  2879 | D:4      | Reached XP level 6. HP: 50/50 MP: 6/6
  2977 | D:4      | Got a crude hand axe
  3104 | D:4      | Noticed DeadSaracen's ghost (amateur HuMo)
  3125 | D:4      | Killed DeadSaracen's ghost
  3125 | D:4      | Reached skill level 7 in Long Blades
  3138 | D:4      | Found an iron altar of Okawaru.
  3225 | D:4      | Noticed Blork the orc
  3225 | D:4      | Noticed Duvessa
  3225 | D:4      | Noticed Dowan
  3238 | D:4      | Killed Dowan
  3238 | D:4      | Reached XP level 7. HP: 56/56 MP: 7/7
  3244 | D:4      | Killed Duvessa
  3244 | D:4      | Reached skill level 8 in Long Blades
  3248 | D:4      | Killed Blork the orc
  3309 | D:4      | Found an ancient bone altar of Kikubaaqudgha.
  3563 | D:5      | Entered Level 5 of the Dungeon
  3731 | D:5      | Noticed Pikel
  3747 | D:5      | Killed Pikel
  3747 | D:5      | Reached skill level 10 in Long Blades
  3747 | D:5      | Reached XP level 8. HP: 49/62 MP: 8/10
  3769 | D:5      | Identified the +1 hand axe of Thoughtfulness {antimagic, MR+} (You found it on level 4 of the Dungeon)
  4069 | D:5      | Found a bloodstained altar of Trog.
  4392 | D:5      | Reached skill level 11 in Long Blades
  4606 | D:6      | Reached skill level 5 in Evocations
  4866 | D:6      | Reached XP level 9. HP: 67/68 MP: 10/12
  5359 | D:6      | Reached skill level 12 in Long Blades
  6066 | D:7      | Found a staircase to the Ecumenical Temple.
  6073 | Temple   | Entered the Ecumenical Temple
  6142 | Temple   | Became a worshipper of The Ieoh Jian Council
  6314 | D:7      | Noticed Joseph
  6345 | D:7      | Killed Joseph
  6345 | D:7      | Reached skill level 1 in Invocations
  6449 | D:7      | HP: 2/71 [phantom (4)]
  6968 | D:7      | Reached skill level 5 in Fighting
  6968 | D:7      | Reached skill level 13 in Long Blades
  6970 | D:7      | Reached * piety under Ieoh Jian
  7035 | D:7      | Reached XP level 10. HP: 81/81 MP: 13/13
  7088 | D:7      | Noticed Menkaure
  7099 | D:7      | Killed Menkaure
  7623 | D:8      | Noticed Prince Ribbit
  7632 | D:8      | Killed Prince Ribbit
  7847 | D:8      | Noticed a purple ugly thing
  7864 | D:8      | Killed a purple ugly thing
  8288 | D:8      | Reached skill level 14 in Long Blades
  8604 | D:9      | Reached ** piety under Ieoh Jian
  8625 | D:9      | Reached skill level 5 in Invocations
  8742 | D:9      | Found a basalt altar of Yredelemnul.
  8869 | D:9      | Reached XP level 11. HP: 40/92 MP: 14/14
  9027 | D:9      | Noticed a two-headed ogre
  9030 | D:9      | Killed a two-headed ogre
  9096 | D:9      | Reached skill level 15 in Long Blades
  9161 | D:9      | Reached *** piety under Ieoh Jian
  9562 | D:10     | Entered Level 10 of the Dungeon
 10417 | D:11     | Reached **** piety under Ieoh Jian
 10435 | D:11     | Found a staircase to the Lair.
 10443 | D:11     | Reached skill level 5 in Dodging
 10531 | D:11     | Found a stormy altar of Qazlal.
 11467 | D:11     | Learned a level 3 spell: Regeneration
 11787 | D:12     | Noticed an unseen horror
 11805 | D:12     | Killed an unseen horror
 12084 | D:12     | Noticed a harpy
 12087 | D:12     | Killed a harpy
 12196 | D:12     | Noticed an unseen horror
 12201 | D:12     | Killed an unseen horror
 12201 | D:12     | Reached skill level 16 in Long Blades
 12358 | D:12     | Reached XP level 12. HP: 77/104 MP: 15/15
 12533 | D:12     | Found a staircase to the Orcish Mines.
 12865 | D:12     | Reached ***** piety under Ieoh Jian
 12912 | Lair:1   | Entered Level 1 of the Lair of Beasts
 13267 | Lair:1   | Noticed Grum
 13283 | Lair:1   | Killed Grum
 13419 | Lair:1   | Noticed Gastronok
 13436 | Lair:1   | Killed Gastronok
 13436 | Lair:1   | Reached skill level 10 in Fighting
 13849 | Lair:2   | Found a dark tunnel.
 13929 | Volcano  | Entered a volcano
 13949 | Volcano  | Killed TwoGrow's ghost
 14011 | Volcano  | Reached skill level 17 in Long Blades
 14122 | Volcano  | Noticed a centaur warrior
 14127 | Volcano  | Found a bloodstained altar of Trog.
 14130 | Volcano  | Killed a centaur warrior
 15240 | Lair:3   | Found a hole to the Spider Nest.
 15248 | Lair:3   | Reached XP level 13. HP: 114/115 MP: 16/16
 15579 | Lair:3   | Reached skill level 5 in Armour
 16032 | Lair:4   | Reached skill level 18 in Long Blades
 16086 | Lair:4   | HP: 1/116 [12-headed hydra (5)]
 16086 | Lair:4   | Slain by a 12-headed hydra

Vault maps used:
D:1:      dpeg_arrival_erosion
D:2:      grunt_temple_overflow_open, first_bread, minivault_19, fedhas_altar_2
D:3:      uniq_terence
D:4:      kennysheep_slugbush, kennysheep_vampire_church, kennysheep_mini_moat,
          uniq_blork_the_orc, uniq_duvessa
D:5:      serial_glass, glass_columns_b, glass_columns_a, trog_hazing_becter,
          uniq_pikel
D:7:      uniq_menkaure, uniq_joseph
D:8:      uniq_prince_ribbit1
D:9:      basic_altar, david_nohive_1
D:10:     fountainhead
D:11:     lair_entry_dummy, grunt_qazlal_sundering
D:12:     david_orc_1_choice
Temple:   dpeg_five_rooms_temple
Lair:1:   beast_lair_carwin_large_3, uniq_gastronok, uniq_grum
Lair:2:   nicolae_volcano_entry_vermiform, lab_entry_generic, lemuel_fruit_tree,
          serial_bayou_shore_b
Lair:3:   nicolae_spider_entry_tight_spaces, cheibrodos_lair_lostbears
Lair:4:   minmay_swamp_entry_reptiles, grunt_megastairs_1
Volcano:  volcano_grotto

Skill      XL: |  1  2  3  4  5  6  7  8  9 10 11 12 13 |
---------------+----------------------------------------+-----
Armour         | 1 2 3 5 |  5.1
Long Blades    | 4 5 6 7 10 11 13 14 16 17 18 | 18.0
Shields        | 1 2 3 4 |  4.0
Evocations     | 1 2 4 5 |  5.6
Fighting       | 5 7 9 10 11 | 11.2
Invocations    | 3 5 |  5.9
Dodging        | 7 9 |  9.9
Throwing       | |  2.0

Action                   |  1- 3 |  4- 6 |  7- 9 | 10-12 | 13-15 || total
-------------------------+-------+-------+-------+-------+-------++-------
Melee: Long sword        |    49 |   120 |   287 |    22 |       ||   478
       Headbutt          |    13 |    25 |    76 |   134 |    31 ||   279
       Hand axe          |       |       |    38 |    43 |       ||    81
       Falchion          |       |       |    13 |   164 |    52 ||   229
       War axe           |       |       |     4 |    10 |       ||    14
       Short sword       |       |       |     3 |    14 |       ||    17
       Rapier            |       |       |       |   303 |       ||   303
       Flail             |       |       |       |    14 |       ||    14
       Dagger            |       |       |       |     7 |       ||     7
       Quick blade       |       |       |       |    54 |    20 ||    74
       Scimitar          |       |       |       |    24 |     9 ||    33
       Broad axe         |       |       |       |    22 |     6 ||    28
       Trident           |       |       |       |    24 |     6 ||    30
       Morningstar       |       |       |       |    10 |       ||    10
       Unarmed           |       |       |       |     4 |       ||     4
       Mace              |       |       |       |     1 |       ||     1
       Eveningstar       |       |       |       |     7 |       ||     7
Throw: Javelin           |     1 |    15 |    18 |     8 |     6 ||    48
       Throwing net      |       |       |     2 |       |       ||     2
Invok: Recall Weapon     |       |       |       |     2 |       ||     2
       Project Weapon    |       |       |       |     1 |       ||     1
 Abil: Evoke Berserk Rag |       |     1 |       |       |       ||     1
Evoke: Rod               |       |       |       |     3 |       ||     3
  Use: Scroll            |     3 |       |     6 |    17 |     2 ||    28
       Potion            |       |       |     3 |     7 |       ||    10
 Stab: Invisible         |       |       |       |     2 |     1 ||     3
  Eat: Chunk             |     1 |     6 |     9 |    13 |       ||    29
       Fruit             |       |       |     5 |     1 |       ||     6
       Meat ration       |       |       |       |     3 |     1 ||     4
       Pizza             |       |       |       |     1 |       ||     1
Armor: Leather armour    |     8 |    20 |       |       |       ||    28
       Scale mail        |       |    15 |   100 |   112 |    58 ||   285
       Gold dragon scale |       |       |       |    23 |       ||    23
       Chain mail        |       |       |       |     7 |       ||     7
Dodge: Dodged            |    31 |    69 |   181 |   358 |    92 ||   731
Block: Buckler           |       |    16 |    68 |   124 |    23 ||   231
       Rpst.: Long sword |     8 |    14 |    34 |       |       ||    56
       Falchion          |       |       |     2 |    21 |     8 ||    31
       Scimitar          |       |       |       |     2 |       ||     2
